 Dungeon Crawl Stone Soup version 0.26-a0-771-g060e6a62af (webtiles) character file.

Game seed: 1367731830393639824

69 Peloso the Shield-Bearer (level 4, -1/41 HPs)
             Began as a Minotaur Fighter on Nov 8, 2020.
             Slain by a gnoll
             ... wielding a +0 spear
              (7 damage)
             ... on level 2 of the Dungeon.
             The game lasted 00:02:38 (1377 turns).

Peloso the Shield-Bearer (Minotaur Fighter)         Turns: 1377, Time: 00:02:39

Health: -1/41      AC:  9    Str: 20    XL:     4   Next: 2%
Magic:  3/3        EV:  3    Int:  5    God:
Gold:   19         SH: 16    Dex: 11    Spells: 3/3 levels left

rFire    . . .     SeeInvis .   a - +0 long sword
rCold    . . .     Faith    .   c - +2 tower shield
rNeg     . . .     Spirit   .   i - +0 chain mail
rPois    .         Reflect  .   (helmet restricted)
rElec    .         Harm     .   (no cloak)
rCorr    .         Rampage  .   (no gloves)
MR       .....                  (no boots)
Stlth    ..........             (no amulet)
HPRegen  0.13/turn              (no ring)
MPRegen  0.08/turn              (no ring)

@: no status effects
A: retaliatory headbutt, horns 2
a: no special abilities


You were on level 2 of the Dungeon.
You visited 1 branch of the dungeon, and saw 2 of its levels.

You collected 19 gold pieces.

Inventory:

Hand Weapons
 a - a +0 long sword (weapon)
Missiles
 g - 28 bolts
Armour
 b - a +0 scale mail
 c - a +2 tower shield (worn)
 i - a +0 chain mail (worn)
Scrolls
 e - a scroll of random uselessness {unknown}
 f - 4 scrolls of remove curse {unknown}
 h - a scroll of fear {unknown}
 j - a scroll of amnesia {unknown}
 k - a scroll of teleportation {unknown}
Potions
 d - a potion of might


   Skills:
 + Level 4.5 Fighting
 + Level 3.0 Long Blades
 + Level 3.9 Armour
 + Level 0.8 Dodging
 + Level 4.5 Shields


You had 3 spell levels left.
You didn't know any spells.
Your spell library was empty.

Dungeon Overview and Level Annotations

Branches:
Dungeon (2/15)

Altars:
Kikubaaqudgha
Qazlal
Zin


Innate Abilities, Weirdness & Mutations

You reflexively headbutt those who attack you in melee.
You have a pair of horns on your head.


Message History

The gnoll hits you with a +0 halberd! You block the gnoll's attack.
The gnoll hits you but does no damage.
You closely miss the gnoll. The gnoll hits you but does no damage.
You block the gnoll's attack. The gnoll barely misses you.
You barely miss the gnoll.
The gnoll hits you from afar with a +0 spear.
The gnoll hits you with a +0 halberd! You block the gnoll's attack.
The gnoll hits you from afar with a +0 spear.
* * * LOW HITPOINT WARNING * * *
The gnoll hits you but does no damage.
You closely miss the gnoll. You block the gnoll's attack. x3
The gnoll hits you with a +0 halberd.
* * * LOW HITPOINT WARNING * * *
You closely miss the gnoll.
The gnoll hits you from afar with a +0 spear.
* * * LOW HITPOINT WARNING * * *
You block the gnoll's attack. The gnoll hits you but does no damage.
You block the gnoll's attack.
The gnoll hits you from afar with a +0 spear!
You die...

# .> ########### ..
.........######
#.##..##>........#
........##.####.# #
#..#####.# #.#
##..#g##..(..<..# #.#
.....gg@.###########.###
##.####### #......
#.#.### ####### #.#.###
#.....# #.#....
#.....####.#..#.
#.......##......
#.....#.........
#.....#####†..##


You could see 3 gnolls.

Vanquished Creatures
  A gnoll (D:2)
  3 adders (D:2)
  An ooze (D:1)
  2 dart slugs
  A leopard gecko (D:2)
  7 bats
  5 goblins
  A kobold (D:1)
  A frilled lizard (D:1)
  5 rats (D:1)
27 creatures vanquished.

Notes
Turn   | Place    | Note
-------+----------+-------------------------------------------
     0 | D:1      | Peloso the Minotaur Fighter began the quest for the Orb.
     0 | D:1      | Reached XP level 1. HP: 19/19 MP: 0/0
   271 | D:1      | Reached XP level 2. HP: 27/27 MP: 1/1
   321 | D:1      | You fall into a shaft and drop 1 floor!
   564 | D:2      | Found an ancient bone altar of Kikubaaqudgha.
   565 | D:2      | Found a stormy altar of Qazlal.
   566 | D:2      | Found a glowing silver altar of Zin.
   587 | D:2      | Reached XP level 3. HP: 29/33 MP: 2/2
  1371 | D:2      | Reached XP level 4. HP: 37/41 MP: 3/3
  1377 | D:2      | Slain by a gnoll

Illustrated notes

Levels and vault maps discovered:
D:1:      dpeg_arrival_shrine, layout_basic
D:2:      layout_loops_cross, grunt_temple_overflow_open,
          lemuel_coloured_pillars_altar, nicolae_gozag_seed_capital

Skill      XL: |  1  2  3 |
---------------+----------+-----
Fighting       | 4 |  4.5
Shields        | 4 |  4.5
Long Blades    | 3 |  3.0
Armour         | |  3.9
Dodging        | |  0.8

Action                   |  1- 3 |  4- 6 || total
-------------------------+-------+-------++-------
Melee: Long sword        |    90 |     4 ||    94
       Headbutt          |    13 |       ||    13
  Use: Potion            |     1 |       ||     1
Armor: Scale mail        |    22 |       ||    22
       Chain mail        |    10 |     5 ||    15
Dodge: Dodged            |    12 |     1 ||    13
Block: Kite shield       |     5 |       ||     5
       Tower shield      |    96 |     9 ||   105
       Rpst.: Long sword |     3 |       ||     3

Table legend: (Time is in decaauts)
 A = Elapsed time spent in this place.
 B = Non-inter-level travel time spent in this place.
 C = Inter-level travel time spent in this place.
 D = Time resting spent in this place.
 E = Time spent auto-exploring this place.
 F = Levels seen in this place.
 G = Mean time per level.
                   A        B        C        D        E       F      G
               +--------+--------+--------+--------+--------+-----+--------+
         Total |   1427 |   1388 |     39 |      0 |   1040 |   2 |  713.5 |
       Dungeon |   1427 |   1388 |     39 |      0 |   1040 |   2 |  713.5 |
               +--------+--------+--------+--------+--------+-----+--------+

Top non-repeatable levels by time:
     D:1: 892 daAuts
     D:2: 534 daAuts
